 Dungeon Crawl Stone Soup version 0.30.1 (webtiles) character file.

Game seed: 13830556007297568033

100 GeoRichter the Shooter (level 5, -2/37 HPs)
             Began as a Formicid Hexslinger on July 9, 2023.
             Was a Follower of Jiyva.
             Slain by Natasha (3 damage)
             ... on level 2 of the Dungeon.
             The game lasted 00:03:32 (2204 turns).

GeoRichter the Shooter (Formicid Hexslinger)        Turns: 2204, Time: 00:03:32

Health: -2/37      AC:  3    Str: 14    XL:     5   Next: 3%
Magic:  6/6        EV: 12    Int: 13    God:    Jiyva [*.....]
Gold:   93         SH:  0    Dex: 16    Spells: 5/6 levels left

rFire   . . .        a - +1 sling
rCold   . . .        (no shield)
rNeg    . . .        c - +0 robe
rPois   .            (helmet unavailable)
rElec   .            (no cloak)
rCorr   .            (no gloves)
SInv    +            f - +0 pair of boots
Will    .....        (no amulet)
Stlth   +            (no ring)
HPRegen 1.06/turn    (no ring)
MPRegen 0.35/turn

%: no passive effects
@: no status effects
A: permanent stasis, dig shafts and tunnels, antennae 3, four strong arms
a: Dig, Shaft Self, Renounce Religion


You were on level 2 of the Dungeon.
You worshipped Jiyva.
Jiyva was aware of your devotion.
You visited 1 branch of the dungeon, and saw 3 of its levels.

You collected 135 gold pieces.
You spent 42 gold pieces at shops.

Inventory:

Hand Weapons
 a - a +1 sling (weapon)
Armour
 c - a +0 robe (worn)
 f - a +0 pair of boots (worn)
   (You found it on level 1 of the Dungeon)
Scrolls
 b - a scroll of poison {!r}
 d - a scroll of teleportation {unknown}
 h - a scroll of magic mapping {unknown}
 j - a scroll of noise {unknown}
Potions
 e - a potion of lignification {unknown}
 g - a potion of cancellation {unknown}
 i - a potion of might {unknown}
 k - a potion of curing {@q1}
 l - a potion of heal wounds {unknown}
 m - a potion of attraction {unknown}
 n - a potion of ambrosia {unknown}
 o - a potion of haste {@q3}
 p - a potion of invisibility {unknown}


   Skills:
 - Level 1.1 Fighting
 * Level 4.8 Ranged Weapons
 - Level 1.7 Dodging
 - Level 1.1 Spellcasting
 - Level 3.6 Hexes


You had 5 spell levels left.
You knew the following spells:

 Your Spells              Type           Power      Damage    Failure   Level
a - Slow                  Hex            40%        N/A       6%          1

Your spell library contained the following spells:

 Spells                   Type           Power      Damage    Failure   Level
 Inner Flame              Hex/Fire       5%         N/A       36%         3
 Portal Projectile        Hex/Tloc       10%        N/A       36%         3
 Cause Fear               Hex            5%         N/A       54%         4


Dungeon Overview and Level Annotations

Branches:
Dungeon (3/15) Zot: 15755

Altars:
Gozag
Jiyva

Shops:
D:2 !

Annotations:
D:2 Natasha
D:3 Grinder


Innate Abilities, Weirdness & Mutations

You cannot be hasted, slowed, berserked, paralysed or teleported.
You can dig through walls and to a lower floor.
You have a pair of large antennae on your head. (SInv)
Your four strong arms can wield two-handed weapons with a shield.


Message History

The cerulean imp misses you.
Fire: a) +1 sling
Press: ? - help, Q - select action, (/) - cycle Shift-Dir - straight line, f/p - Natasha
Aim: Natasha (almost dead, 53% to hit)
You shoot a sling bullet.
The sling bullet closely misses Natasha.
The sling bullet barely misses the cerulean imp.
Natasha closely misses you.
The cerulean imp hits you but does no damage.
Fire: a) +1 sling
Press: ? - help, Q - select action, (/) - cycle Shift-Dir - straight line, f/p - Natasha
Aim: Natasha (almost dead, 53% to hit)
You shoot a sling bullet. The sling bullet misses Natasha.
The sling bullet barely misses the cerulean imp.
Natasha casts a spell.
The cerulean imp hits you from afar with a +2 spear.
* * * LOW HITPOINT WARNING * * *
The cerulean imp barely misses you.
Fire: a) +1 sling
Press: ? - help, Q - select action, (/) - cycle Shift-Dir - straight line, f/p - Natasha
Aim: Natasha (almost dead, 53% to hit)
You shoot a sling bullet. The sling bullet hits Natasha.
Natasha is almost dead.
Natasha stares at you and mumbles some strange words.
The magic dart hits you.
* * * LOW HITPOINT WARNING * * *
The cerulean imp closely misses you. x2; Natasha claws you!
* * * LOW HITPOINT WARNING * * *
Fire: a) +1 sling
Press: ? - help, Q - select action, (/) - cycle Shift-Dir - straight line, f/p - Natasha
Aim: Natasha (almost dead, 53% to hit)
You shoot a sling bullet.
The sling bullet closely misses Natasha.
The sling bullet hits the cerulean imp.
The cerulean imp is moderately wounded.
The cerulean imp hits you from afar with a +2 spear.
* * * LOW HITPOINT WARNING * * *
The cerulean imp hits you with a +1 spear.
* * * LOW HITPOINT WARNING * * *
Natasha drinks a potion.
Natasha is healed!
Fire: a) +1 sling
Press: ? - help, Q - select action, (/) - cycle Shift-Dir - straight line, f/p - Natasha
Aim: Natasha (heavily wounded, 53% to hit)
You shoot a sling bullet. The sling bullet hits Natasha.
Natasha is heavily wounded.
The cerulean imp closely misses you.
The cerulean imp hits you with a +1 spear.
* * * LOW HITPOINT WARNING * * *
Natasha claws you.
You die...

#.......#
#.##.#..###.#...#
#.....>.#
#.##....#......##
#.......#
#.####....####.#
#....J..# #.#
###### #.#
#.......# #.# #.#
#.......# #.# #.#
#.......# #.# #.#
#########
#5############.#
#@h55..........#
################


You could see Natasha and 3 cerulean imps.

Vanquished Creatures
  3 adders (D:2)
  A gnoll (D:2)
  2 worms (D:2)
  3 dart slugs
  3 endoplasms
  A giant cockroach (D:2)
  4 hobgoblins
  4 jackals (D:2)
  4 quokkas
  6 ball pythons
  3 bats
  4 frilled lizards
  5 goblins
  A kobold (D:1)
  8 rats
52 creatures vanquished.

Vanquished Creatures (others)
  Ijyb (D:2)
  Natasha (D:3)
  A dart slug (D:2)
  An endoplasm (D:2)
4 creatures vanquished.

Grand Total: 56 creatures vanquished

Notes
Turn   | Place    | Note
-------+----------+-------------------------------------------
     0 | D:1      | GeoRichter the Formicid Hexslinger began the quest for the
                  | Orb.
     0 | D:1      | Reached XP level 1. HP: 15/15 MP: 2/2
   330 | D:1      | Reached XP level 2. HP: 16/21 MP: 3/3
   486 | D:1      | Reached skill level 3 in Ranged Weapons
   854 | D:2      | Reached XP level 3. HP: 21/26 MP: 4/4
  1077 | D:2      | Found Nynoiwk's Distillery.
  1083 | D:2      | Bought a potion of curing for 42 gold pieces
  1453 | D:2      | Reached skill level 4 in Ranged Weapons
  1453 | D:2      | Reached XP level 4. HP: 32/32 MP: 5/5
  1539 | D:2      | Found a faded altar of an unknown god.
  1648 | D:2      | Prayed at the altar of an unknown god.
  1648 | D:2      | Became a worshipper of Jiyva Jump the Shapeless
  1648 | D:2      | Reached * piety under Jiyva
  1765 | D:2      | Found an opulent altar of Gozag.
  2030 | D:3      | Noticed Ijyb
  2035 | D:3      | Noticed Grinder
  2083 | D:2      | Reached XP level 5. HP: 19/37 MP: 6/6
  2134 | D:2      | Killed Ijyb
  2177 | D:3      | Killed Natasha
  2191 | D:3      | Noticed Natasha
  2204 | D:2      | HP: 1/37 [cerulean imp/+1 spear[Natasha] (3)]
  2204 | D:2      | Slain by Natasha

Illustrated notes

Levels and vault maps discovered:
D:1:      lightli_iron_boxes, layout_basic
D:2:      layout_basic, serial_shops, nicolae_shop_hallway_plus,
          chequers_ecumenical_altar_grove, minmay_hexomino_r4
D:3:      layout_loops_ring, minmay_misc_feat_five, uniq_grinder, uniq_ijyb,
          uniq_natasha

Skill      XL: |  1  2  3 |
---------------+----------+-----
Ranged Weapons | 3 4 |  4.8
Fighting       | |  1.1
Dodging        | |  1.7
Spellcasting   | |  1.1
Hexes          | |  3.6

Action                     |  1- 3 |  4- 6 || total
---------------------------+-------+-------++-------
   Fire: Sling             |   102 |    74 ||   176
   Cast: Slow              |     2 |       ||     2
    Use: Potion            |       |     1 ||     1
 Armour: Robe              |     7 |    16 ||    23
  Dodge: Dodged            |    29 |    47 ||    76
